Map: Blackburn LE

Players

Astrea

  • Race: Protoss Protoss

Neeb - Winner!

  • Race: Protoss Protoss

Event: DreamHack SC2 Masters 2021 Fall

VOD

Have the link to the VOD?

Description

Time

  • Played on: Aug. 11, 2021, 3:45 p.m.
  • Length: 9:25

All games in this series

Show
View Real Time Build Order
Export as new Build Order

Astrea Protoss 

Build Orders: Nexus First 

Get SALT Encoding   

  12  0:00  Probe  
  13  0:13  Probe  
  14  0:18  Pylon  
  14  0:25  Probe  
  15  0:37  Probe  
  16  0:49  Probe  
  17  0:58  Nexus  
  17  1:09  Gateway  
  17  1:12  Probe (Chrono Boost)  
  17  1:16  Assimilator  
  18  1:21  Probe (Chrono Boost)  
  19  1:26  Assimilator  
  19  1:27  Probe  
  20  1:39  Probe  
  21  1:46  Gateway  
  21  1:51  Probe  
  22  1:56  Cybernetics Core  
  22  2:05  Probe (Chrono Boost)  
  22  2:07  Pylon  
  23  2:10  Probe (Chrono Boost)  
  25  2:20  Probe x2 (Chrono Boost)  
  26  2:25  Probe (Chrono Boost)  
  28  2:32  Stalker x2 (Chrono Boost)  
  28  2:33  Warp Gate (Chrono Boost)  
  31  2:42  Probe  
  32  2:44  Probe  
  33  2:54  Stalker  
  33  2:58  Stalker  
  37  3:05  Shield Battery  
  37  3:08  Shield Battery  
  37  3:13  Probe x2  
  39  3:27  Stalker  
  39  3:28  Stalker  
  39  3:29  Probe x2  
  45  3:34  Pylon  
  45  3:41  Gateway, Probe  
  45  3:45  Probe  
  46  3:54  Probe  
  47  3:57  Pylon, Probe  
  46  4:06  Probe  
  46  4:08  Stalker x2  
  46  4:09  Probe  
  51  4:12  Gateway  
  51  4:19  Probe  
  51  4:21  Probe  
  53  4:31  Stalker x2  
  53  4:33  Probe  
  53  4:36  Pylon  
  58  4:40  Twilight Council  
  58  4:46  Probe x2  
  58  4:48  Stalker  
  62  4:55  Assimilator  
  62  4:56  Stalker  
  62  4:59  Pylon  
  64  5:02  Stalker  
  66  5:12  Stalker x2  
  70  5:17  Probe x2  
  70  5:27  Stalker x2  
  70  5:29  Probe  
  71  5:40  Stalker x2  
  71  5:47  Probe x2  
  71  5:49  Assimilator  
  71  5:54  Stalker x2  
  69  5:57  Blink (Chrono Boost)  
  69  6:14  Probe  
  69  6:17  Robotics Facility  
  70  6:19  Pylon  
  70  6:28  Nexus  
  70  6:31  Stalker  
  70  6:32  Stalker  
  74  6:37  Stalker  
  76  6:40  Stalker  
  75  6:48  Probe x2  
  70  6:55  Pylon  
  69  7:05  Observer (Chrono Boost)  
  68  7:14  Probe  
  60  7:30  Probe  
  60  7:34  Probe  
  60  7:36  Observer (Chrono Boost)  
  62  7:41  Probe  
  62  7:43  Probe  
  64  7:47  Probe  
  64  7:57  Probe  
  65  7:58  Stalker x2  
  69  8:08  Stalker  
  69  8:12  Probe x2 (Chrono Boost)  
  74  8:16  Probe (Chrono Boost)  
  74  8:24  Probe x2 (Chrono Boost)  
  77  8:27  Probe (Chrono Boost)  
  77  8:28  Stalker, Probe x2 (Chrono Boost)  
  77  8:29  Stalker  
  83  8:36  Probe  
  83  8:38  Probe  
  85  8:45  Probe  
  74  9:04  Sentry, Stalker x2  
  69  9:12  Probe x2  
Show
View Real Time Build Order
Export as new Build Order

Neeb Protoss - Winner!

Build Orders: 1 Gate Expand, Oracle Opening 

Get SALT Encoding   

  12  0:00  Probe  
  13  0:12  Probe  
  14  0:19  Pylon  
  14  0:24  Probe  
  15  0:37  Probe (Chrono Boost)  
  15  0:39  Gateway  
  16  0:47  Assimilator, Probe (Chrono Boost)  
  17  0:52  Probe (Chrono Boost)  
  18  1:04  Probe  
  19  1:16  Probe  
  20  1:25  Nexus  
  20  1:34  Cybernetics Core  
  20  1:38  Probe  
  21  1:43  Assimilator  
  21  1:50  Probe  
  21  1:53  Pylon  
  22  2:02  Probe (Chrono Boost)  
  23  2:12  Stargate  
  23  2:14  Probe (Chrono Boost)  
  24  2:19  Probe (Chrono Boost)  
  25  2:28  Probe (Chrono Boost)  
  26  2:30  Stalker  
  26  2:33  Warp Gate  
  29  2:38  Probe (Chrono Boost)  
  29  2:41  Probe (Chrono Boost)  
  29  2:43  Probe  
  30  2:49  Shield Battery  
  31  2:53  Probe  
  31  2:57  Oracle (Chrono Boost)  
  32  3:04  Probe  
  36  3:05  Probe  
  36  3:11  Stalker  
  39  3:16  Probe  
  39  3:18  Probe  
  41  3:24  Gateway  
  41  3:28  Probe  
  41  3:31  Probe  
  43  3:35  Pylon  
  43  3:38  Twilight Council  
  43  3:40  Probe  
  44  3:44  Probe  
  45  3:52  Probe  
  46  3:56  Void Ray (Chrono Boost), Probe  
  46  3:57  Gateway  
  46  3:59  Shield Battery  
  49  4:08  Gateway  
  49  4:09  Probe  
  52  4:16  Assimilator  
  53  4:20  Pylon  
  53  4:22  Stalker  
  54  4:28  Pylon  
  54  4:30  Pylon  
  54  4:33  Pylon  
  54  4:35  Shield Battery  
  54  4:38  Stalker  
  54  4:43  Probe  
  54  4:45  Probe  
  58  4:50  Dark Shrine  
  58  4:53  Stalker  
  58  4:59  Stalker  
  62  5:07  Stalker  
  62  5:08  Probe  
  62  5:09  Probe  
  62  5:10  Assimilator  
  62  5:14  Pylon  
  66  5:21  Pylon  
  66  5:25  Blink (Chrono Boost)  
  66  5:28  Probe x2  
  64  5:35  Stalker  
  64  5:37  Stalker  
  64  5:41  Pylon x2  
  68  5:44  Cybernetics Core  
  68  5:50  Pylon  
  64  5:58  Probe x2  
  64  6:02  Dark Templar x2  
  70  6:07  Gateway  
  70  6:10  Gateway  
  70  6:21  Stalker x2  
  74  6:29  Pylon  
  74  6:35  Stalker  
  74  6:36  Forge  
  74  6:38  Stalker  
  78  6:42  Probe  
  79  6:53  Stalker x2  
  83  7:03  Probe  
  83  7:06  Probe  
  85  7:09  Robotics Facility  
  85  7:13  Nexus  
  85  7:15  Probe  
  86  7:20  Pylon  
  86  7:27  Stalker x3  
  86  7:28  Stalker x3  
  86  7:29  Probe  
  97  7:53  Warp Prism (Chrono Boost)  
  97  7:55  Stalker x6  
  109  8:12  Pylon  
  109  8:19  Stalker x2  
  113  8:20  Stalker  
  113  8:22  Sentry x2  
  113  8:26  Stalker  
  121  8:37  Assimilator  
  121  8:45  Dark Templar x2  
  125  8:51  Probe  
  114  8:57  Stalker  
  114  8:58  Stalker x4  
  122  9:02  Pylon  
  122  9:06  Probe  

Tags
 
Add a new tag
Caveats
  • Supply blocks, unpowered buildings, or Contaminate may cause inaccurate times.
  • Supply counts are checked every 10 seconds.